 Dungeon Crawl Stone Soup version 0.21.1-1-g345015fe64 (webtiles) character file.

1969 IceCat the Ruffian (level 9, -5/79 HPs)
             Began as a Troll Transmuter on July 20, 2018.
             Slain by an orc warrior
             ... wielding a +0 mace
              (16 damage)
             ... on level 6 of the Dungeon.
             The game lasted 00:40:40 (3965 turns).

IceCat the Ruffian (Troll Transmuter)               Turns: 3965, Time: 00:40:40

Health: -5/79      AC:  2    Str: 20    XL:     9   Next: 0%
Magic:  11/15      EV: 21    Int: 12    God:
Gold:   465        SH:  0    Dex: 17    Spells: 8/17 levels left

rFire    . . .     SeeInvis .     - Unarmed
rCold    . . .     Gourm    +   (shield currently unavailable)
rNeg     . . .     Faith    .   (armour currently unavailable)
rPois    x         Spirit   .   (helmet currently unavailable)
rElec    .         Reflect  .   (cloak currently unavailable)
rCorr    .         Harm     .   (gloves unavailable)
MR       +....                  (boots unavailable)
Stlth    ++........             r - amulet of regeneration
HPRegen  1.03/turn              B - ring of protection from magic
MPRegen  0.14/turn              (no ring)

@: spider-form (expiring)
A: tiny, unfitting armour, thin skeletal structure 1, fast metabolism 3,
gourmand, regeneration 1, screaming 2, subdued magic 1
a: End Transformation


You were on level 6 of the Dungeon.
You were full.
You were a venomous arachnid creature.
You visited 1 branch of the dungeon, and saw 7 of its levels.
You also visited: Ossuary.

You collected 465 gold pieces.

Inventory:

Missiles
 a - 18 arrows
Armour
 b - a +1 robe (melded)
Jewellery
 r - an amulet of regeneration (around neck)
 u - an uncursed amulet of the gourmand
 B - a ring of protection from magic (left front leg)
 C - a cursed ring of loudness
 D - a cursed ring of teleportation
Wands
 v - a wand of flame (13)
Scrolls
 e - 2 scrolls of blinking {unknown}
 g - 8 scrolls of remove curse
 j - a scroll of enchant armour
 k - a scroll of immolation
 l - a scroll of magic mapping {unknown}
 m - 2 scrolls of noise
 n - 2 scrolls of fear {unknown}
 o - a scroll of identify
 x - 2 scrolls of teleportation
 A - a scroll of vulnerability {unknown}
Potions
 f - a potion of cancellation {unknown}
 h - 2 potions of heal wounds {unknown}
 i - a potion of might
 p - a potion of agility {unknown}
 q - a potion of invisibility
 s - a potion of brilliance
 w - 3 potions of curing
 z - 2 potions of haste {unknown}
Books
 c - a book of Changes

   Spells                             Type                      Level
   a - Beastly Appendage              Transmutation                1
   b - Sticks to Snakes               Transmutation                2
   c - Spider Form                    Transmutation/Poison         3
   d - Ice Form                       Ice/Transmutation            4
   e - Blade Hands                    Transmutation                5
Comestibles
 d - 12 rations


   Skills:
 + Level 2.0 Fighting
 + Level 3.6 Dodging
 - Level 0.7 Stealth
 + Level 6.9 Unarmed Combat
 * Level 4.7 Spellcasting
 + Level 3.6 Transmutations
 - Level 0.1 Poison Magic


You had 8 spell levels left.
You knew the following spells:

 Your Spells              Type           Power        Failure   Level  Hunger
a - Beastly Appendage     Tmut           #.....       12%         1    None
b - Blade Hands           Tmut           #.........   88%         5    ######.
c - Spider Form           Tmut/Pois      #.........   45%         3    ###....


Dungeon Overview and Level Annotations

Branches:
Dungeon (7/15)
 Temple: D:4-7

Altars:
Dithmenos
Nemelex Xobeh

Shops:
D:4 [

Annotations:
D:3 2 transporters


Innate Abilities, Weirdness & Mutations

You are too large for most types of armour.
((You have claws for hands.))
Your metabolism is lightning-fast.
You like to eat raw meat.
Your natural rate of healing is unusually fast.
((You are covered in fur. (AC +1)))
((You have very tough skin. (AC +2)))
You have a somewhat thin skeletal structure. (Dex +2, Stealth)
((Armour fits poorly on your strangely shaped body.))
You sometimes yell uncontrollably at your foes.
Your spells are a little easier to cast, but a little less powerful.


Message History

The orc warrior is moderately wounded.
The orc hits you with a flail.
* * * LOW HITPOINT WARNING * * *
You hit the orc warrior but do no damage.
The orc warrior looks as sick as possible!
The orc warrior is heavily wounded.
The orc warrior completely misses you.
You hit the orc.
The orc is poisoned.
The orc is heavily wounded.
The orc closely misses you. The orc warrior hits you with a mace!
* * * LOW HITPOINT WARNING * * *
You hit the orc warrior.
The orc warrior looks as sick as possible!
The orc warrior is heavily wounded.
The orc hits you with a flail!
* * * LOW HITPOINT WARNING * * *
You barely miss the orc warrior.
The orc warrior is heavily wounded.
The orc warrior hits you with a mace!
You die...

..........# #.#
.#........# ##.#
##........# #.>#
##........# #.##
#..#'#..#### #.#
...#_#.....# #.#
#..#'#..##.# #h#
#......###.# #o#
..#.....##.#####s#
#.#..##.......ho.#
.....#####.#######
#.##.......#
#.########## ..#
###


You could see an orc warrior, an orc and 2 jackals.

Vanquished Creatures
  Eustachio (D:4)
  Edmund (D:4)
  An ice beast (D:6)
  2 phantoms (D:6)
  4 ogres
  The ghost of SlightEye the Skirmisher, an amateur DsFi (D:3)
  2 centaurs (D:5)
  A scorpion (D:5)
  A howler monkey (D:4)
  A crimson imp (D:5)
  A bullfrog zombie (D:5)
  3 hounds
  An orc wizard (D:5)
  2 orc priests (D:6)
  A human zombie (Ossuary)
  4 iguanas
  2 worker ants
  Ijyb (D:3)
  4 big kobold zombies (Ossuary)
  2 mummies (Ossuary)
  6 gnolls
  6 adders
  An ooze (D:5)
  3 worms
  5 leopard geckos
  18 orcs
  A ball python (D:5)
  7 bats
  A giant cockroach (D:6)
  13 goblins
  15 hobgoblins
  5 jackals
  6 kobolds
  3 quokkas
  4 frilled lizards
  3 gnoll zombies (Ossuary)
  2 goblin zombies (Ossuary)
  2 hobgoblin zombies (Ossuary)
  A jackal skeleton (D:6)
  2 orc zombies (Ossuary)
  2 quokka skeletons
  A quokka zombie (D:6)
  5 rats
148 creatures vanquished.

Notes
Turn   | Place    | Note
-------+----------+-------------------------------------------
     0 | D:1      | IceCat the Troll Transmuter began the quest for the Orb.
     0 | D:1      | Reached XP level 1. HP: 18/18 MP: 1/1
    92 | D:1      | Reached skill level 1 in Fighting
    97 | D:1      | Reached XP level 2. HP: 24/27 MP: 0/2
   622 | D:2      | Reached XP level 3. HP: 29/33 MP: 1/4
  1333 | D:4      | Noticed Edmund
  1352 | D:4      | Killed Edmund
  1352 | D:4      | Reached XP level 4. HP: 17/41 MP: 3/6
  1352 | D:4      | Reached XP level 5. HP: 19/48 MP: 3/7
  1378 | D:4      | Found Zoumazu's Antique Armour Shoppe.
  1411 | D:4      | Noticed an ogre
  1417 | D:4      | Killed an ogre
  1417 | D:4      | Reached skill level 4 in Unarmed Combat
  1417 | D:4      | Reached XP level 6. HP: 39/55 MP: 6/8
  1432 | D:4      | Learned a level 5 spell: Blade Hands
  1689 | D:3      | Noticed Ijyb
  1702 | D:3      | Killed Ijyb
  1776 | D:3      | Noticed SlightEye's ghost (amateur DsFi)
  1785 | D:3      | Killed SlightEye's ghost
  1796 | D:3      | Found a transporter.
  1818 | D:3      | Found a transporter.
  1874 | D:3      | Gained mutation: Armour fits poorly on your strangely shaped body. [mutagenic glow]
  1911 | D:3      | Gained mutation: You occasionally shout uncontrollably at your foes. [mutagenic glow]
  1958 | D:3      | Gained mutation: You sometimes yell uncontrollably at your foes. [mutagenic glow]
  1983 | D:3      | Gained mutation: Your spells are a little easier to cast, but a little less powerful. [mutagenic glow]
  2047 | D:3      | Gained mutation: You have a somewhat thin skeletal structure. (Dex +2, Stealth) [mutagenic glow]
  2085 | D:3      | Reached XP level 7. HP: 62/62 MP: 10/10
  2470 | D:5      | Entered Level 5 of the Dungeon
  2474 | D:5      | Noticed Eustachio
  2481 | D:4      | Learned a level 3 spell: Spider Form
  2493 | D:4      | Killed Eustachio
  2493 | D:4      | Reached skill level 5 in Unarmed Combat
  2597 | D:5      | Reached XP level 8. HP: 49/71 MP: 2/12
  3201 | D:6      | Reached skill level 6 in Unarmed Combat
  3262 | D:6      | Found a sparkling altar of Nemelex Xobeh.
  3580 | D:6      | Found a shadowy altar of Dithmenos.
  3605 | D:6      | Found a sand-covered staircase.
  3610 | Ossuary  | Entered an ossuary
  3958 | D:6      | Reached XP level 9. HP: 18/79 MP: 10/15
  3965 | D:6      | Slain by an orc warrior

Skill      XL: |  1  2  3  4  5  6  7  8 |
---------------+-------------------------+-----
Fighting       | 1 2 |  2.0
Dodging        | 2 3 |  3.6
Spellcasting   | 2 3 4 |  4.7
Transmutations | 2 3 |  3.6
Unarmed Combat | 4 5 6 |  6.9
Stealth        | |  0.7
Poison Magic   | |  0.1

Action                   |  1- 3 |  4- 6 |  7- 9 || total
-------------------------+-------+-------+-------++-------
Melee: Unarmed           |   103 |    53 |   275 ||   431
       Kick              |     8 |     7 |    28 ||    43
       Headbutt          |     1 |     2 |    24 ||    27
       Punch             |       |     1 |     4 ||     5
 Cast: Beastly Appendage |    20 |    10 |    40 ||    70
       Spider Form       |       |       |     7 ||     7
  Use: Scroll            |       |     4 |     6 ||    10
       Potion            |       |     3 |     3 ||     6
 Stab: Sleeping          |     1 |       |     2 ||     3
       Invisible         |       |     1 |       ||     1
  Eat: Chunk             |    16 |     9 |    18 ||    43
Armor: Robe              |    38 |     5 |    57 ||   100
       Skin              |       |       |     4 ||     4
Dodge: Dodged            |    68 |    29 |   179 ||   276
